AoeStats
← KeiNDaHaN

Arabia

508084454Analyzed
4v4 RM · 12d ago on Sep 20, 2026· 24m 41s· 8 players
Game mode
Random Map
Map size
Large (8 player)
Population
200
Speed
Normal
Resources
Standard
Victory
Conquest
Starting age
Dark Age
Ending age
Imperial Age
RankedLock teamsTeams togetherTeam positionsShared explorationLock speedFull tech treeHidden civsTurbo modeCheats
Victory
Defeat
🇺🇦 Ethiopians · Ukraine
1479
+11
🇷🇺 Teutons · Russia
1402
+14
🇷🇺 Poles · Russia
1380
+14
🇱🇻 Khmer · Latvia
1170
+23
🇹🇷 Huns · Türkiye
1364
-16
🇨🇿 Persians · Czechia
1350
-16
🇪🇸 Poles · Spain
1330
-15
🇦🇷 Mapuche · Argentina
1329
-15
BoBa
seba_aof
12:15 Feudal Age
10:43 Loom
12:54 Feudal Age
17:03 Feudal Age
Joseph90
Alejandro_Cao
KeiNDaHaN
7:59 Loom
14:28 Feudal Age
16:57 Double-Bit Axe
16:55 Horse Collar
23:27 Castle Age
21:43 Bloodlines
22:14 Gold Mining
22:37 Scale Barding Armor
23:12 Forging
23:54 Wheelbarrow
25:06 Husbandry
Kensei-剣聖. Paulie
8:04 Loom
21:56 Feudal Age
21:57 Man-at-Arms
23:31 Scale Mail Armor
23:21 Arson
Fox
16:07 Feudal Age
16:54 Double-Bit Axe
16:52 Horse Collar
19:31 Gold Mining
24:28 Castle Age
Finch
7:14 Loom
13:47 Feudal Age
14:44 Horse Collar
20:41 Double-Bit Axe
21:15 Forging
21:10 Scale Barding Armor
22:30 Scale Barding Armor
23:01 Bloodlines
25:28 Wheelbarrow
Connection lost

Rejoining the realm…

Still unreachable

The connection could not be restored.

Session expired

The server has moved on; the page needs a fresh start.